 Dungeon Crawl Stone Soup version 0.29.1-15-g9cfb28693d (console) character file.

Game seed: 5970095059530140445

9807 Goreval the Basher (level 11, -4/165 HPs)
             Began as a Troll Berserker on Feb 24, 2023.
             Was a High Priest of Trog.
             Slain by a wolf (9 damage)
             ... led by Grum
             ... on level 10 of the Dungeon.
             The game lasted 00:28:13 (8003 turns).

Goreval the Basher (Troll Berserker)                Turns: 8003, Time: 00:28:14

Health: -4/165     AC: 13    Str: 32    XL:     11   Next: 27%
Magic:  10/10      EV: 12    Int:  3    God:    Trog [*****.]
Gold:   361        SH:  0    Dex: 11    Spells: 10/10 levels left

rFire   + + .      SeeInvis .   K - +6 giant spiked club (vorpal)
rCold   . . .      Faith    .   (shield currently unavailable)
rNeg    . . .      Spirit   .   J - +2 robe of Defiance {rF+ Regen+ Str+3}
rPois   +          Reflect  .   (helmet restricted)
rElec   .          Harm     .   m - +0 cloak
rCorr   .          Rampage  .   (gloves unavailable)
Will    .....                   (boots unavailable)
Stlth   ..........              (no amulet)
HPRegen 1.97/turn               c - ring of poison resistance
MPRegen 0.12/turn               w - +4 ring of protection

@: berserking (expiring), very quick
A: large, unfitting armour, claws 3, regeneration 1, shaggy fur 1, tough skin 1,
iridescent scales 1, fire resistance 1
a: Renounce Religion, Berserk, Trog's Hand, Brothers in Arms


You were on level 10 of the Dungeon.
You worshipped Trog.
Trog was extremely pleased with you.
You visited 1 branch of the dungeon, and saw 10 of its levels.

You collected 531 gold pieces.
You spent 170 gold pieces at shops.

Inventory:

Hand Weapons
 D - a +1 giant club
 F - a +2 whip of draining
 K - a +6 vorpal giant spiked club (weapon)
 O - a +1 whip of electrocution
Missiles
 a - 2 throwing nets
 o - 4 large rocks
 r - 3 silver boomerangs
 t - 11 stones
 y - a boomerang (quivered)
Armour
 m - a +0 cloak (worn)
 E - a +2 kite shield
 J - the +2 robe of Defiance (worn) {rF+ Regen+ Str+3}
   (You found it on level 6 of the Dungeon)

   Str:       It affects your strength (+3).
   rF:        It protects you from fire.
   Regen:     It increases your rate of health regeneration.
Jewellery
 c - a ring of poison resistance (left claw)
 w - a +4 ring of protection (right claw)
 M - a ring of resist corrosion
Wands
 C - a wand of roots (11)
 N - a wand of flame (42)
Scrolls
 b - a scroll of fog {unknown}
 f - a scroll of vulnerability {unknown}
 g - a scroll of enchant armour {unknown}
 i - 3 scrolls of fear {unknown}
 j - 5 scrolls of teleportation {unknown}
 k - 2 scrolls of poison {unknown}
 l - 2 scrolls of magic mapping {unknown}
 q - a scroll of silence {unknown}
 v - a scroll of torment {unknown}
 z - a scroll of summoning {unknown}
 A - 3 scrolls of enchant weapon
 G - 2 scrolls of amnesia {unknown}
 H - a scroll of blinking {unknown}
 I - a scroll of acquirement {unknown}
 L - 3 scrolls of identify
 P - a scroll of immolation {unknown}
Potions
 d - 5 potions of heal wounds
 e - 3 potions of magic
 h - 3 potions of lignification
 n - 2 potions of mutation
 p - 6 potions of curing
 s - 3 potions of attraction
 u - 2 potions of cancellation
 x - 2 potions of haste
 B - a potion of resistance {unknown}


   Skills:
 + Level 7.6 Fighting
 * Level 11.5 Maces & Flails
 - Level 4.0 Throwing
 + Level 7.7 Dodging


You had 10 spell levels left.
You didn't know any spells.
Your spell library was empty.

Dungeon Overview and Level Annotations

Branches:
Dungeon (10/15) Zot: 26795  Temple (0/1) D:4
   Lair: D:8-11         Orc: D:9-12

Altars:
Ashenzari
Fedhas
Okawaru
Vehumet
Yredelemnul

Shops:
D:6 !

Annotations:
D:10 Grum


Innate Abilities, Weirdness & Mutations

You are too large for most types of armour.
You have claws for hands.
Your natural rate of healing is unusually fast.
You are covered in fur. (AC +1)
You have tough skin. (AC +1)
You are partially covered in iridescent scales. (AC +2)
Your flesh is heat resistant. (rF+)


Message History

* * * LOW HITPOINT WARNING * * *
You sock the wight!
You destroy the wight!
Trog accepts your kill. Grum hits you but does no damage.
The wolf closely misses you.
You crush the wolf like a grape!!!
You kill the wolf!
Trog accepts your kill.
Grum hits you from afar with a +0 spear of flaming!
* * * LOW HITPOINT WARNING * * *
Grum burns you.
* * * LOW HITPOINT WARNING * * *
The wight hits you with a +2 falchion!
* * * LOW HITPOINT WARNING * * *
Grum hits you from afar with a +0 spear of flaming.
* * * LOW HITPOINT WARNING * * *
A red film seems to cover your vision as you go berserk!
You feel yourself moving faster!
You feel mighty! The wight hits you but does no damage.
Grum hits you from afar with a +0 spear of flaming.
* * * LOW HITPOINT WARNING * * *
You barely miss the wight. The wight hits you but does no damage.
Grum hits you from afar with a +0 spear of flaming!
* * * LOW HITPOINT WARNING * * *
Grum burns you.
* * * LOW HITPOINT WARNING * * *
You barely miss the wight. You skewer the wight like a kebab!!!
You destroy the wight!
Trog accepts your kill.
Grum hits you from afar with a +0 spear of flaming.
* * * LOW HITPOINT WARNING * * *
The wolf closely misses you.
You closely miss the wolf. Grum barely misses you. The wolf bites you.
* * * LOW HITPOINT WARNING * * *
You are too berserk!
The wolf attacks as you move away! The wolf bites you but does no damage.
You feel a strong urge to attack something.
You barely miss the wolf. The wolf closely misses you.
The wolf attacks as you move away! The wolf bites you!
You die...

##### # #...###+# .#. +...+...# # #...
#### #####...###.##.# #. # #....
#..####..............# #.#######.#
.....y##....#.#########.#..#.#......<#.#
.....hzgh@.........####.#..##..........##
..###########....#.#.......#.#...##...#.#
.# #.##...#.##.#.##..#..##..#..##.# #.#.#
#..#.#.........#....#......# ###.#.#
#..#.##.#.##....#..#......# ......#
#..#.##.#.##.##..##..##..## ......#
#..#.##......##..##..##..# .......
#..#............#..#.....# ....y..
#..####..).....#....#....#
......~##.............#..##..#..##
.....≈≈....####.#....#...##...#.#
....≈≈.≈.....##.#...#..........##
....≈..≈...#..#)#...........#..#
...≈≈.#~≈≈.##.#.#.............##
...≈...###....#)#~~.~.....##### ...≈..≈
#.....)#..~~~....# ......~
#......#.~_~~....#
.......~≈.>......~≈~~~....#
..≈.....#..~.~..##### ........#..#####
........##.> ........# #.# ....... +#


You could see Grum, a vampire mosquito, 2 wolves and a wight.

Vanquished Creatures
  Fannar (D:10)
  A boulder beetle (D:9)
  A skeletal warrior (D:9)
  Pikel (D:7)
  A deep elf zephyrmancer (D:9)
  A cyclops (D:9)
  Joseph (D:7)
  An unseen horror (D:10)
  Maggie (D:10)
  A troll (D:9)
  Grinder (D:4)
  Prince Ribbit (D:9)
  A hornet (D:9)
  Sigmund (D:6)
  5 yaks (D:8)
  Menkaure (D:4)
  4 vampire mosquitoes (D:10)
  2 water moccasins
  An acid dragon (D:9)
  An ice beast (D:8)
  3 orc warriors
  The ghost of Cape the Chopper, an amateur MiBe of Trog (D:4)
  2 wolves (D:10)
  2 ogres
  5 centaurs
  2 phantoms (D:6)
  A kobold brigand (D:9)
  2 bullfrogs
  3 necrophages
  A gnoll sergeant (D:9)
  2 wights (D:10)
  5 electric eels (D:7)
  6 howler monkeys
  3 jellies
  6 iguanas
  7 orc priests
  Ijyb (D:4)
  11 orc wizards
  Robin (D:4)
  9 gnolls
  11 adders
  A shadow imp (D:8)
  A white imp (D:5)
  An ufetubus (D:6)
  A dart slug (D:2)
  8 worms
  25 orcs
  6 bats
  4 endoplasms
  4 giant cockroaches
  13 goblins
  6 hobgoblins
  9 jackals
  A quokka (D:4)
  5 ball pythons
  4 frilled lizards
  12 kobolds
  4 rats
217 creatures vanquished.

Vanquished Creatures (others)
  An orc wizard (D:4)
  A fungus (D:2)
  2 plants
4 creatures vanquished.

Grand Total: 221 creatures vanquished

Notes
Turn   | Place    | Note
-------+----------+-------------------------------------------
     0 | D:1      | Goreval the Troll Berserker began the quest for the Orb.
     0 | D:1      | Reached XP level 1. HP: 22/22 MP: 0/0
   108 | D:1      | Reached skill level 3 in Maces & Flails
   108 | D:1      | Reached XP level 2. HP: 29/29 MP: 1/1
   542 | D:2      | Reached XP level 3. HP: 36/36 MP: 2/2
   623 | D:2      | Reached ** piety under Trog
   651 | D:2      | Found a faded altar of an unknown god.
  1324 | D:3      | Noticed Sigmund
  1369 | D:3      | Reached XP level 4. HP: 29/44 MP: 3/3
  1527 | D:3      | Reached skill level 4 in Maces & Flails
  1792 | D:3      | Reached XP level 5. HP: 53/53 MP: 4/4
  2360 | D:4      | Found a large runed translucent door.
  2361 | D:4      | Found a large runed translucent door.
  2362 | D:4      | Noticed Grinder
  2407 | D:4      | Noticed Robin
  2416 | D:4      | Killed Grinder
  2417 | D:4      | Reached skill level 5 in Maces & Flails
  2417 | D:4      | Reached XP level 6. HP: 57/61 MP: 5/5
  2419 | D:4      | Killed Robin
  2450 | D:4      | Noticed Cape's ghost (amateur MiBe)
  2533 | D:4      | Reached *** piety under Trog
  2651 | D:4      | Noticed Menkaure
  2658 | D:4      | Killed Menkaure
  2659 | D:4      | Reached XP level 7. HP: 57/70 MP: 6/6
  2948 | D:4      | Found a radiant altar of Vehumet.
  3114 | D:4      | Found a staircase to the Ecumenical Temple.
  3114 | D:4      | Noticed Ijyb
  3138 | D:4      | Killed Ijyb
  3412 | D:5      | Entered Level 5 of the Dungeon
  3450 | D:5      | Reached skill level 6 in Maces & Flails
  3622 | D:5      | Reached skill level 1 in Throwing
  4103 | D:5      | Reached XP level 8. HP: 72/78 MP: 7/7
  4324 | D:6      | Identified the +4 ring mail of the Tuna {rC- Str+7 Int+3
                  | Dex-2}
  4477 | D:6      | Reached **** piety under Trog
  4483 | D:6      | Reached skill level 7 in Maces & Flails
  4623 | D:6      | Killed Sigmund
  4624 | D:6      | Reached skill level 5 in Fighting
  4624 | D:6      | Reached skill level 5 in Dodging
  4643 | D:6      | Found a basalt altar of Yredelemnul.
  4754 | D:6      | Found Piaghorgha's Distillery.
  4806 | D:6      | Identified the +2 robe of Defiance {rF+ Regen+ Str+3}
  4844 | D:6      | Reached XP level 9. HP: 84/88 MP: 8/8
  4948 | D:4      | Killed Cape's ghost
  5162 | D:6      | Bought a potion of curing for 30 gold pieces
  5162 | D:6      | Bought a potion of haste for 100 gold pieces
  5162 | D:6      | Bought a potion of attraction for 30 gold pieces
  5162 | D:6      | Bought a potion of degeneration for 10 gold pieces
  5351 | D:7      | Gained mutation: You are partially covered in iridescent
                  | scales. (AC +2) [potion of mutation]
  5351 | D:7      | Gained mutation: Your flesh is heat resistant. (rF+)
                  | [potion of mutation]
  5375 | D:7      | Reached skill level 8 in Maces & Flails
  5398 | D:7      | Noticed Joseph
  5413 | D:7      | Killed Joseph
  5491 | D:7      | Noticed Pikel
  5503 | D:7      | Killed Pikel
  5567 | D:7      | HP: 4/89 [electric eel/bolt of electricity (2)]
  5902 | D:7      | Reached skill level 9 in Maces & Flails
  6445 | D:8      | Found an iron altar of Okawaru.
  6457 | D:8      | Reached XP level 10. HP: 79/98 MP: 9/9
  7035 | D:9      | Reached ***** piety under Trog
  7054 | D:9      | Noticed Prince Ribbit
  7104 | D:9      | Reached skill level 10 in Maces & Flails
  7115 | D:9      | Noticed a cyclops
  7121 | D:9      | HP: 5/100 [gnoll/+0 club[a gnoll sergeant] (6)]
  7122 | D:9      | Killed a cyclops
  7135 | D:9      | Killed Prince Ribbit
  7253 | D:9      | Noticed a skeletal warrior
  7277 | D:9      | Killed a skeletal warrior
  7337 | D:9      | Noticed a boulder beetle
  7364 | D:9      | Killed a boulder beetle
  7413 | D:9      | Found a broken altar of Ashenzari.
  7427 | D:9      | Noticed a deep elf zephyrmancer
  7451 | D:9      | Killed a deep elf zephyrmancer
  7452 | D:9      | Reached skill level 11 in Maces & Flails
  7617 | D:9      | Reached XP level 11. HP: 109/109 MP: 10/10
  7806 | D:10     | Entered Level 10 of the Dungeon
  7827 | D:10     | Found a blossoming altar of Fedhas.
  7875 | D:10     | Received a gift from Trog
  7884 | D:10     | Noticed Maggie
  7894 | D:10     | Killed Maggie
  7974 | D:10     | Noticed Fannar
  7974 | D:10     | Noticed Grum
  7989 | D:10     | Killed Fannar
  7996 | D:10     | HP: 7/165 [Grum/+0 spear of flaming (12)]
  7999 | D:10     | HP: 1/165 [wolf[Grum] (4)]
  8003 | D:10     | Slain by a wolf

Illustrated notes

Levels and vault maps discovered:
D:1:      giann_bridges, layout_rooms, minmay_tetromino_l2
D:2:      minmay_door_path, layout_basic, shapermc_ecumenical_altar_rom_forum
D:3:      layout_basic, nicolae_wormholes, uniq_sigmund
D:4:      layout_basic, fiery_altar_vehumet, minmay_temple_entry_fiery,
          ebering_ghost_disaster_area, grunt_ministairs_14, st_stairs_7,
          uniq_ijyb, uniq_robin, uniq_grinder, uniq_menkaure
D:5:      layout_loops_cross
D:6:      layout_basic, general_overflow_altar, grunt_ministairs_1,
          nicolae_inconvenience_store, kennysheep_generic_room_4
D:7:      layout_rooms, chequers_big_river, uniq_joseph, uniq_pikel
D:8:      layout_loops_ring, okawaru_trees_1
D:9:      layout_cave_pools, cheibrodos_ashenzari_chains, minivault_25_ag,
          nicolae_concentric_dashed_squares_mild, uniq_prince_ribbit1
D:10:     layout_basic, fedhas_altar_2, lair_entry_dummy, serial_shops,
          nicolae_shop_competitors_out_of_business, minivault_26,
          minmay_curled_crystal, chequers_serial_rivers_small_b,
          nicolae_shop_sticking_my_neck_out, uniq_maggie, uniq_grum, uniq_fannar

Skill      XL: |  1  2  3  4  5  6  7  8  9 10 |
---------------+-------------------------------+-----
Maces & Flails | 3 4 5 6 7 9 11 | 11.5
Dodging        | 3 4 5 6 7 |  7.7
Fighting       | 3 4 5 6 7 |  7.6
Throwing       | 1 3 4 |  4.0

Action                   |  1- 3 |  4- 6 |  7- 9 | 10-12 || total
-------------------------+-------+-------+-------+-------++-------
Melee: Mace              |   105 |   164 |    84 |       ||   353
       Punch             |       |     3 |       |       ||     3
       Giant club        |       |       |   279 |   139 ||   418
       Giant spiked club |       |       |       |    44 ||    44
Throw: Stone             |    12 |       |       |       ||    12
       Boomerang         |       |    18 |    57 |    20 ||    95
Invok: Berserk           |       |     2 |     1 |     2 ||     5
  Use: Scroll            |       |       |     4 |     3 ||     7
       Potion            |       |       |     2 |     2 ||     4
 Stab: Sleeping          |       |       |       |     1 ||     1
Armor: Animal skin       |    38 |    68 |   204 |       ||   310
       Robe              |       |       |     3 |    89 ||    92
Dodge: Dodged            |    43 |    75 |   166 |   133 ||   417
